[Event "Late-Titled-Tuesday-Blitz-May-28-2024"]
[Site "Chess.com"]
[Date "2024.05.28"]
[Round "11"]
[White "ChessLebaneseSalah"]
[Black "Smiechu"]
[Result "1/2-1/2"]
[WhiteElo "2564"]
[BlackElo "2466"]
[TimeControl "180+1"]
[EndTime "16:07:48 PDT"]
[Termination "Game drawn by 50-move rule"]

1. e4 c5 2. Nf3 g6 3. d4 cxd4 4.
Nxd4 Nc6 5. Nc3 Bg7 6. Be3 Nf6 7. Be2 O-O 8. O-O d5 9. exd5 Nb4 10. Bf3 Nbxd5 11.
Nxd5 Nxd5 12. Bxd5 Qxd5 13. c3 Rd8 14. Qb3 e5 15.
Nb5 Qxb3 16. axb3 a6 17. Nc7 Rb8 18. Ba7 Bd7 19. Bxb8 Rxb8 20. Rfd1 Bc6 21. Nd5 Kf8 22.
Kf1 f5 23. Nb6 Ke7 24. Nd5+ Ke6 25. Nc7+ Ke7 26. c4 e4 27. Rd2 Rc8 28. Nd5+ Bxd5 29. Rxd5 Bxb2 30. Rad1 Rc7 31. Rd8 Be5 32. R8d5 Bb2 33. g4 Ke6 34. gxf5+ gxf5 35. f3 e3 36. f4 Ba3 37. Ke2 Bc5 38. Re5+ Kf6 39. Rdd5 b6 40.
Rxf5+ Kg6 41. Rg5+ Kf6 42. h4 Re7 43. Rxc5 bxc5 44.
Rxc5 Rb7 45. Kxe3 Rxb3+ 46. Ke4 Rb6 47. Rh5 Kg6 48. Rg5+ Kf6 49. Rf5+ Kg6 50. Ra5 Kf6 51. c5 Rb4+ 52. Kf3 Rc4 53. Rxa6+ Kf5 54. c6 Rc3+ 55. Kg2 Kxf4 56. h5 Kg5 57. h6 Kxh6 58. Kf2 Kg5 59.
Ke2 h5 60. Kd2 Rc4 61. Kd3 Rc1 62. Kd2 Rc5 63. Ke3 h4 64. Kf3 Rc3+ 65. Kg2 Kg4 66. Ra4+ Kg5 67. Ra6 Kg4 68. Ra4+ Kg5 69. Ra5+ Kf6 70.
Rh5 Kg6 71. Rxh4 Rxc6 72. Rg4+ Kf5 73. Rh4 Rg6+ 74. Kf3 Kf6 75. Rh5 Rg5 76. Rh6+ Rg6 77. Rh4 Rg5 78. Kf4 Rf5+ 79. Ke4 Re5+ 80. Kd4 Ra5 81.
Rh6+ Kg5 82. Rh8 Ra4+ 83. Ke5 Ra5+ 84. Ke4 Ra4+ 85. Ke3 Ra3+ 86. Ke4 Ra4+ 87. Kd5 Ra5+ 88. Kc6 Ra6+ 89. Kd7 Ra7+ 90. Ke6 Ra6+ 91. Kd5 Ra5+ 92.
Kc4 Ra4+ 93. Kb3 Rh4 94. Rg8+ Kf5 95. Rf8+ Kg5 96. Kc3 Rf4 97. Re8 Rf3+ 98. Kd4 Ra3 99. Rg8+ Kf4 100. Rf8+ Kg4 101. Kc4 Rf3 102. Rg8+ Kf4 103. Kd4 Ra3 104. Rf8+ Kg4 105. Ke5 Ra5+ 106. Ke4 Ra4+ 107.
Ke3 Ra3+ 108. Kf2 Ra2+ 109. Ke3 Ra3+ 110. Kd4 Ra4+ 111. Kc5 Ra5+ 112. Kb6 Rf5 113. Rg8+ Rg5 114. Rc8 Rf5 115. Rc6 Kg5 116. Rc3 Rf6+ 117. Kc5 Rf5+ 118. Kd4 Ra5 119. Rc4 Rf5 120. Ke3 Ra5 121. Rd4 Ra3+ 1/2-1/2

[Event "Late-Titled-Tuesday-Blitz-May-28-2024"]
[Site "Chess.com"]
[Date "2024.05.28"]
[Round "11"]
[White "Oleg_Papayan"]
[Black "Kielinkei"]
[Result "1/2-1/2"]
[WhiteElo "2590"]
[BlackElo "2470"]
[TimeControl "180+1"]
[EndTime "16:07:59 PDT"]
[Termination "Game drawn - insufficient material"]

1. e4 c5 2. d4 cxd4 3. Qxd4 Nc6 4. Qd3 g6 5. Nc3 Bg7 6. Nf3 d6 7. Be2 Nf6 8. O-O O-O 9. Nd5 Nxd5 10. exd5 Ne5 11.
Nxe5 Bxe5 12. c3 Bf5 13. Qd1 a6 14. a4 Qc7 15. a5 b5 16. axb6 Qxb6 17. Qa4 a5 18.
Qb5 Qc7 19. Ra2 Rfb8 20. Qa4 Bd7 21. Qc4 Qb7 22. Bg5 e6 23. Rfa1 Bb5 24. Qxb5 Qxb5 25.
Bxb5 Rxb5 26. dxe6 fxe6 27. Be3 a4 28. Kf1 Rab8 29.
Rxa4 Rxb2 30. Bd4 Rb1+ 31. Rxb1 Rxb1+ 32. Ke2 Bxd4 33. Rxd4 Rb6 34. Rc4 Rb7 35. Rc6 Rd7 36. Ke3 Kf7 37. f4 Ke7 38. g4 Ra7 39. h4 Rb7 40.
Ra6 Rc7 41. Kd4 Kd7 42. c4 h5 43. gxh5 gxh5 44. Ra5 Ke7 45. Rxh5 Kf6 46. c5 dxc5+ 47. Rxc5 Rh7 48. h5 Rd7+ 49. Ke4 Rd1 50. Rc6 Re1+ 51. Kf3 Kf5 52. Rc5+ Kf6 53. Rc2 Rh1 54. Kg4 Rg1+ 55. Kh4 Kf5 56. Rf2 Rh1+ 57. Kg3 Rxh5 58. Rf3 Rh1 59.
Re3 Rg1+ 60. Kf2 Rg4 61. Ke2 Rxf4 62. Kd3 Ra4 63. Rf3+ Ke5 64. Re3+ Kd5 65. Ke2 Ra2+ 66. Ke1 e5 67. Rb3 Kd4 68. Rh3 Rg2 69. Ra3 Rh2 70.
Ra4+ Ke3 71. Ra3+ Kf4 72. Ra4+ e4 73. Ra3 Rg2 74. Rb3 Rc2 75. Ra3 Ke5 76. Rb3 Kd4 77.
Ra3 Rb2 78. Rh3 Rb8 79. Rg3 Rf8 80. Ke2 Rh8 81. Ra3 Rh2+ 82. Ke1 Rh5 83. Ke2 Rb5 84. Ra4+ Ke5 85. Ra3 Kf4 86. Rc3 Rb2+ 87. Ke1 e3 88. Rc8 Kf3 89. Rf8+ Ke4 90. Re8+ Kd3 91. Rd8+ Kc3 92.
Rc8+ Kd4 93. Rd8+ Ke4 94. Re8+ Kf5 95. Rxe3 Kf4 96. Re2 Rb1+ 97. Kd2 Rb8 98. Re7 Rd8+ 99. Ke2 Kf5 100. Rf7+ Ke6 101. Rb7 Rd5 102. Rb3 Re5+ 103. Re3 Rxe3+ 104.
Kxe3 1/2-1/2

[Event "Late-Titled-Tuesday-Blitz-May-28-2024"]
[Site "Chess.com"]
[Date "2024.05.28"]
[Round "11"]
[White "WPWPWP-2015"]
[Black "GoltsevDmitry2000"]
[Result "1/2-1/2"]
[WhiteElo "2516"]
[BlackElo "2697"]
[TimeControl "180+1"]
[EndTime "16:08:35 PDT"]
[Termination "Game drawn by stalemate"]

1. e4 e6 2. d4 d5 3. Nc3 c5 4. exd5 exd5 5. Nf3 Nf6 6. Bb5+ Nc6 7. O-O Be7 8. h3 O-O 9. Be3 cxd4 10. Nxd4 Ne5 11.
Re1 a6 12. Bf1 Bd6 13. a3 Re8 14. Nf3 Nc4 15. Bxc4 dxc4 16. Qd2 Bf5 17. Rad1 Bc7 18. Qe2 Qe7 19. Qxc4 Be6 20. Qb4 Qxb4 21. axb4 Bf5 22.
Nd4 Bg6 23. Rd2 Bd6 24. b5 Bb4 25. bxa6 Rxa6 26. Ndb5 Ra5 27. Red1 h6 28. Rd8 Rxd8 29. Rxd8+ Kh7 30. Rb8 Ne4 31. Rxb7 Nd6 32. Nxd6 Ra1+ 33. Kh2 Bxd6+ 34. f4 Bxc2 35. Rxf7 Rf1 36. Nd5 Kg8 37. Rd7 Bf8 38. Kg3 Be4 39. Nc3 Bf5 40. Rd8 Kf7 41.
Nb5 Rb1 42. Nd4 Be4 43. b3 Rd1 44. Nc6 Re1 45. Ne5+ Ke7 46. Bb6 Rb1 47. Rb8 Rxb3+ 48. Kh2 Rb2 49. Bc5+ Ke6 50. Rxb2 Bxc5 51. Re2 Bd5 52.
Nd3+ Kd6 53. Nxc5 Kxc5 54. Re7 g6 55. Re5 Kd4 56. h4 h5 57. Kg3 Be4 58. Ra5 Bf5 59.
Kf3 Be4+ 60. Kf2 Bf5 61. g3 Ke4 62. Re5+ Kd3 63. Re3+ Kd4 64. Re7 Kd3 65. Re8 Kd4 66. Rd8+ Ke4 67. Rd1 Bg4 68. Ra1 Kd4 69. Ra4+ Kd3 70.
Rb4 Bf5 71. Rb3+ Ke4 72. Ke2 Bg4+ 73. Kd2 Bf5 74. Re3+ Kd4 75. Re5 Bg4 76. Kc2 Bf5+ 77. Kb3 Be4 78. Kb4 Ke3 79. Kc5 Kf3 80. Kd4 Bf5 81.
Re3+ Kg4 82. Ke5 Bb1 83. Rb3 Bc2 84. Ra3 Bd1 85. Kf6 Bc2 86. Rc3 Bf5 87. Re3 Bb1 88. Kg7 Bf5 89. Kf7 Bb1 90. Kf6 Bf5 91.
Ke5 Bb1 92. Rc3 Bf5 93. Kd4 Bb1 94. Re3 Bf5 95. Kc3 Kh3 96. Kd2 Kg2 97. Ke2 Bg4+ 98.
Ke1 Bf3 99. Rc3 Kxg3 100. Kf1 Kxf4 101. Kf2 Be4 102. Rc4 Ke5 103. Ke3 Bf5 104. Rc5+ Kf6 105. Kf4 Ke6 106. Rc6+ Kd5 107. Rb6 Kd4 108. Kg5 Ke3 109. Rxg6 Bxg6 110.
Kxg6 Kf4 111. Kxh5 Kf5 112. Kh6 Kf6 113. Kh7 Kf7 114. h5 Kf8 115. h6 Kf7 116. Kh8 Kf8 117. h7 Kf7 1/2-1/2

[Event "Late-Titled-Tuesday-Blitz-May-28-2024"]
[Site "Chess.com"]
[Date "2024.05.28"]
[Round "11"]
[White "Hakiki_satranc"]
[Black "carloseduar100"]
[Result "1/2-1/2"]
[WhiteElo "2408"]
[BlackElo "2311"]
[TimeControl "180+1"]
[EndTime "16:09:17 PDT"]
[Termination "Game drawn by stalemate"]

1. e4 e6 2. d4 d5 3. Nd2 c5 4. exd5 Qxd5 5. Ngf3 cxd4 6. Bc4 Qd7 7. O-O Nc6 8. Nb3 Nf6 9. Nbxd4 Nxd4 10. Qxd4 Qxd4 11. Nxd4 a6 12. a4 b6 13. Be2 Bb7 14. Bf3 Bxf3 15. Nxf3 Bd6 16. Be3 Rb8 17. c4 Ke7 18. a5 b5 19. Nd4 bxc4 20. Nc6+ Kd7 21. Nxb8+ Rxb8 22. Rfc1 Rxb2 23. Rxc4 Rb5 24. Kf1 Nd5 25. Bd2 g6 26. h4 h5 27. Be1 Be7 28. Rcc1 Bxh4 29. Rab1 Rxb1 30. Rxb1 Bd8 31. Ke2 Bc7 32. g3 Kc6 33.
Bd2 Nf6 34. Rc1+ Kd7 35. Rd1 Nd5 36. Rb1 Kc6 37. Kd3 Bd8 38. Ke4 h4 39. g4 Nf6+ 40. Kf3 Nd5 41. Rb8 Kd7 42. g5 h3 43.
Rb1 Bc7 44. Kg4 h2 45. f4 e5 46. f5 e4 47. Rd1 Kc6 48. Rc1+ Kb5 49. Re1 e3 50.
Bc1 Bxa5 51. fxg6 fxg6 52. Rh1 Bc7 53. Kf3 Kc4 54. Bxe3 Nxe3 55. Kxe3 Kd5 56. Kf3 Ke6 57. Kg2 Kf5 58. Ra1 a5 59. Rc1 Be5 60. Rc5 a4 61.
Ra5 a3 62. Kh1 a2 63. Rxa2 Kxg5 64. Ra5 Kf5 65. Kg2 g5 66. Rb5 g4 67. Rb4 g3 68.
Rb5 Kf4 69. Rb7 Kf5 70. Rf7+ Ke4 71. Rf3 Bf4 72. Rb3 Kf5 73. Rb4 Kg4 74. Ra4 Kf5 75. Ra5+ Kg4 76. Rb5 Bd6 77. Rb1 Bf4 78. Rd1 Be5 79.
Re1 Bf4 80. Ra1 Be5 81. Ra4+ Kf5 82. Rc4 Ke6 83. Rc1 Kd5 84. Kf3 Ke6 85. Re1 Kf5 86.
Rb1 Bd6 87. Rb5+ Be5 88. Rb1 Bd6 89. Rd1 Be5 90. Re1 Bd6 91. Rb1 Be5 92. Rd1 Ke6 93. Kg2 Kf5 94. Rf1+ Bf4 95. Rf3 Kg4 96.
Rb3 Kf5 97. Rb7 Kg4 98. Rf7 Bg5 99. Rf3 Bf4 100. Rd3 Bg5 101. Rd7 Bf6 102. Rf7 Be5 103. Rf8 Bf4 104. Rg8+ Bg5 105. Rg7 Kf4 106. Rh7 Kg4 107. Rh8 Bf4 108. Rh3 Be5 109. Rh7 Bf4 110. Rg7+ Bg5 111. Rg8 Kf4 112. Rg6 Kg4 113. Rg8 Kf4 114. Rf8+ Kg4 115. Rf1 Bf4 116. Rf3 h1=Q+ 117. Kxh1 Kxf3 118. Kg1 g2 1/2-1/2